 Dungeon Crawl Stone Soup version 0.25-a0-696-g42a9e46d90 (webtiles) character file.

Game seed: 8156317530092987323, levelgen mode: deterministic

6570 DasRunzen the Destroyer (level 10, 0/86 HPs)
             Began as a Demigod Conjurer on Mar 31, 2020.
             Slain by a spiny frog (22 damage)
             ... on level 1 of the Lair of Beasts.
             The game lasted 00:26:38 (8629 turns).

DasRunzen the Destroyer (Demigod Conjurer)          Turns: 8629, Time: 00:26:41

Health: 0/86       AC:  5    Str: 11    XL:     10   Next: 43%
Magic:  19/24      EV: 19    Int: 23    God:
Gold:   406        SH:  0    Dex: 21    Spells: 17/23 levels left

rFire    . . .     SeeInvis .   p - +2 scythe
rCold    . . .     Gourm    .   (shield currently unavailable)
rNeg     . . .     Faith    .   a - +0 robe
rPois    .         Spirit   .   (no helmet)
rElec    .         Reflect  .   l - scarf {cloud immunity}
rCorr    .         Harm     .   k - +0 pair of gloves
MR       +....                  n - +0 pair of boots
Stlth    ++........             (no amulet)
HPRegen  0.24/turn              d - +3 ring of dexterity
MPRegen  0.19/turn              z - +2 ring of dexterity

@: lethally poisoned (0 -> -8)
A: hooves 1, dopey 1, high mp 1, shaggy fur 1
a: no special abilities


You were on level 1 of the Lair of Beasts.
You were not hungry.

You visited 2 branches of the dungeon, and saw 9 of its levels.

You collected 406 gold pieces.

Inventory:

Hand Weapons
 p - a +2 scythe (weapon)
Armour
 a - a +0 robe (worn)
 k - a +0 pair of gloves (worn)
 l - a scarf of cloud immunity (worn)
 n - a +0 pair of boots (worn)
Jewellery
 d - a +3 ring of dexterity (left hand)
 z - a +2 ring of dexterity (right hand)
Wands
 r - a wand of polymorph (5)
 s - a wand of iceblast (5)
 t - a wand of paralysis (5)
 u - a wand of enslavement (9)
 x - a wand of acid (10)
 y - a wand of random effects (16)
Scrolls
 e - 4 scrolls of teleportation
 h - 7 scrolls of remove curse
 v - a scroll of amnesia
Potions
 b - 2 potions of curing
 f - 3 potions of brilliance
 g - a potion of might
 i - 3 potions of ambrosia
 j - 3 potions of stabbing
 m - a potion of flight
 o - a potion of haste
 q - 2 potions of heal wounds
 w - 2 potions of berserk rage
 A - a potion of experience {unknown}
 B - a potion of lignification {unknown}
Comestibles
 c - 18 rations
 C - 5 chunks of flesh


   Skills:
 + Level 7.4 Fighting
 + Level 7.8 Dodging
 - Level 1.7 Stealth
 + Level 7.1 Spellcasting
 + Level 8.3 Conjurations


You had 17 spell levels left.
You knew the following spells:

 Your Spells              Type           Power        Failure   Level  Hunger
a - Magic Dart            Conj           ####         1%          1    None
b - Searing Ray           Conj           #####.       1%          2    None
c - Dazzling Flash        Conj/Hex       ####..       4%          3    None

Your spell library contained the following spells:

 Spells                   Type           Power        Failure   Level  Hunger
 Fulminant Prism          Conj/Hex       ####......   14%         4    ###....
 Iskenderun's Mystic Bla  Conj/Tloc      ####....     14%         4    ###....
 Confusing Touch          Hex            #.......     22%         3    None
 Gell's Gravitas          Tloc           #.........   22%         3    None
 Petrify                  Tmut/Erth      #.......     58%         4    ###....
 Metabolic Englaciation   Hex/Ice        #.........   91%         5    #####..
 Yara's Violent Unravell  Hex/Tmut       #.........   91%         5    #####..


Dungeon Overview and Level Annotations

Branches:
Dungeon (8/15)             Temple (0/1) D:6            Lair (1/6) D:8


Innate Abilities, Weirdness & Mutations

You have an increased reservoir of magic. (+10% MP)
You have large cloven feet.
You are dopey. (Int -2)
You are covered in fur. (AC +1)


Message History

A spiny frog comes into view.
The spiny frog gives a loud, deep croak!
Casting: Searing Ray (safe; 1% risk of failure)
Confirm with . or Enter, or press ? or * to list all spells.
Aiming: Searing Ray (safe; 1% risk of failure)
Press: ? - help, Shift-Dir - straight line, f - spiny frog
Aim: a spiny frog The searing ray hits the spiny frog.
The spiny frog is lightly wounded. (Press . to maintain the ray.)
The searing ray hits the spiny frog!
The spiny frog is moderately wounded.
The searing ray misses the spiny frog.
The searing ray hits the spiny frog.
The spiny frog is heavily wounded.
You finish channeling your searing ray.
The spiny frog stings you.
* * * LOW HITPOINT WARNING * * *
You are poisoned.
The spiny frog poisons you! The spiny frog stings you!!
You die...

......# #.⌠ ....##
#... #†..##....
#..#......
#.##...... ##.....#
#.#....# ###..###
###### #@....#
#....### ##F.⌠.#
###..#.### ####...##
#...##.## #..#....##
####....###........#
##.........##...(#
###........##.....
##........#.....
###.........##...


You could see a spiny frog.

Vanquished Creatures
  2 hydras
  Pikel (D:5)
  A black mamba (Lair:1)
  A komodo dragon (Lair:1)
  Prince Ribbit (D:7)
  A hippogriff (Lair:1)
  Sigmund (D:2)
  4 yaks
  3 wargs (D:8)
  Edmund (D:5)
  A water moccasin (Lair:1)
  4 slaves (D:5)
  A necrophage (D:6)
  A phantom (D:8)
  2 orc warriors
  4 ogres
  3 centaurs
  4 bullfrogs
  A howler monkey (D:7)
  3 wights (D:6)
  3 crimson imps
  3 hounds
  4 orc priests
  A jelly (D:5)
  11 orc wizards
  Ijyb (D:5)
  A gnoll shaman (D:4)
  3 iguanas
  Natasha (D:2)
  2 worker ants (D:8)
  6 gnolls
  2 worker ant zombies
  14 adders
  A shadow imp (D:8)
  3 adder skeletons
  A worm (D:3)
  A dart slug (D:1)
  2 leopard geckos
  20 orcs
  2 bats
  3 giant cockroaches
  3 goblins (D:3)
  7 jackals
  A quokka (D:3)
  3 ball pythons
  2 frilled lizards
  6 kobolds
  2 leopard gecko skeletons
  A quokka skeleton (D:4)
  10 rats
160 creatures vanquished.

Notes
Turn   | Place    | Note
-------+----------+-------------------------------------------
     0 | D:1      | DasRunzen the Demigod Conjurer began the quest for the Orb.
     0 | D:1      | Reached XP level 1. HP: 14/14 MP: 5/5
   397 | D:2      | Reached XP level 2. HP: 20/22 MP: 0/7
   527 | D:2      | Reached skill level 1 in Fighting
   935 | D:2      | Noticed Sigmund
   940 | D:2      | Learned a level 2 spell: Searing Ray
   952 | D:2      | Killed Sigmund
   952 | D:2      | Reached skill level 4 in Conjurations
   952 | D:2      | Reached XP level 3. HP: 22/29 MP: 2/9
   952 | D:2      | Reached XP level 4. HP: 27/36 MP: 2/11
   952 | D:2      | Reached XP level 5. HP: 31/41 MP: 2/12
  1240 | D:3      | Noticed Natasha
  1488 | D:2      | Killed Natasha
  2243 | D:4      | Reached XP level 6. HP: 50/50 MP: 8/13
  2395 | D:4      | Noticed a moth of wrath
  2397 | D:4      | Found a bloodstained altar of Trog,
  2979 | D:4      | Reached skill level 5 in Conjurations
  3046 | D:4      | Reached XP level 7. HP: 57/57 MP: 10/15
  3334 | D:5      | Entered Level 5 of the Dungeon
  3334 | D:5      | Noticed Edmund
  3335 | D:5      | Noticed Pikel
  3667 | D:5      | Killed Edmund
  4030 | D:5      | Killed Pikel
  4030 | D:5      | Reached skill level 5 in Dodging
  4030 | D:5      | Reached skill level 6 in Conjurations
  4030 | D:5      | Reached XP level 8. HP: 52/67 MP: 5/18
  4242 | D:5      | Noticed Ijyb
  4249 | D:5      | Killed Ijyb
  4537 | D:6      | Found a staircase to the Ecumenical Temple,
  4542 | D:6      | Reached skill level 5 in Spellcasting
  4595 | D:6      | Reached skill level 5 in Fighting
  5581 | D:7      | Reached XP level 9. HP: 71/74 MP: 13/20
  5612 | D:7      | Found a white marble altar of Elyvilon,
  5988 | D:7      | Noticed Prince Ribbit
  5992 | D:7      | Killed Prince Ribbit
  6118 | D:7      | Gained mutation: You are dopey. (Int -2) [potion of
                  | mutation]
  6118 | D:7      | Gained mutation: You have large cloven feet. [potion of
                  | mutation]
  6118 | D:7      | Gained mutation: You are covered in fur. (AC +1) [potion of
                  | mutation]
  6172 | D:8      | Reached skill level 7 in Conjurations
  6339 | D:8      | Noticed a four-headed hydra
  6348 | D:8      | Killed a four-headed hydra
  6752 | D:8      | Learned a level 3 spell: Dazzling Flash
  6969 | D:8      | Found a staircase to the Lair,
  7418 | Lair:1   | Entered Level 1 of the Lair of Beasts
  7746 | Lair:1   | Noticed a black mamba
  7761 | D:8      | Reached XP level 10. HP: 21/84 MP: 8/23
  8177 | Lair:1   | Killed a black mamba
  8177 | Lair:1   | Reached skill level 8 in Conjurations
  8522 | Lair:1   | Noticed a five-headed hydra
  8529 | Lair:1   | HP: 1/86 [five-headed hydra (12)]
  8530 | Lair:1   | Killed a five-headed hydra
  8629 | Lair:1   | Slain by a spiny frog

Levels and vault maps discovered:
D:1:      ncdulo_wetmaze, layout_rooms
D:2:      layout_loops_ring, uniq_sigmund
D:3:      layout_basic, chequers_serial_rivers_room_b, uniq_natasha
D:4:      layout_cave_pods, first_ration, serial_bayou_pond_e, tgw_trog
D:5:      layout_gridville, minivault_14, uniq_edmund, uniq_pikel, uniq_ijyb
D:6:      layout_basic, minmay_temple_entry_stoned_glass
D:7:      layout_basic, elyvilon_altar_1, serial_park_tiny_2,
          kennysheep_generic_room_11, uniq_prince_ribbit1
D:8:      layout_loops_ring, erik_lair_orcish_takeover
Lair:1:   layout_hall_layers, serial_bayou_shore_a, grunt_megastairs_5

Skill      XL: |  1  2  3  4  5  6  7  8  9 10 |
---------------+-------------------------------+-----
Dodging        | 2 3 4 5 7 |  7.8
Spellcasting   | 2 3 4 5 6 7 |  7.1
Fighting       | 2 3 4 5 6 7 |  7.4
Conjurations   | 4 5 6 7 8 |  8.3
Stealth        | |  1.7

Action                   |  1- 3 |  4- 6 |  7- 9 | 10-12 || total
-------------------------+-------+-------+-------+-------++-------
Melee: Short sword       |     2 |       |       |       ||     2
       Scythe            |       |    28 |    67 |     1 ||    96
 Cast: Magic Dart        |    21 |    93 |   121 |     3 ||   238
       Searing Ray       |     2 |     8 |    48 |    12 ||    70
       Dazzling Flash    |       |       |     6 |     1 ||     7
Evoke: Wand              |       |       |       |     1 ||     1
  Use: Scroll            |     5 |     5 |    12 |       ||    22
       Potion            |       |       |     2 |       ||     2
 Stab: Sleeping          |     1 |     1 |     2 |       ||     4
       Invisible         |       |       |     1 |       ||     1
  Eat: Chunk             |       |     7 |     9 |     1 ||    17
       Ration            |       |       |     2 |       ||     2
Armor: Robe              |     2 |    13 |    17 |     4 ||    36
Dodge: Dodged            |     7 |    70 |   116 |    41 ||   234

Table legend:
 A = Non-vault XP
 B = Vault XP
 C = Vault XP percentage of total XP
 D = Non-vault monster count
 E = Vault monster count
 F = Vault count percentage of total count
                 A         B        C        D         E       F
            +---------+---------+-------+---------+---------+-------
      Total |    7300 |    2086 |  22.2 |     135 |      21 |  13.5
            +---------+---------+-------+---------+---------+-------
        D:1 |      13 |       0 |   0.0 |       6 |       0 |   0.0
        D:2 |      38 |     258 |  87.2 |       9 |       2 |  18.2
        D:3 |      76 |       0 |   0.0 |      19 |       0 |   0.0
        D:4 |     614 |       5 |   0.8 |      27 |       5 |  15.6
        D:5 |     563 |     844 |  60.0 |      13 |       3 |  18.8
        D:6 |     854 |       0 |   0.0 |      21 |       0 |   0.0
        D:7 |     423 |     274 |  39.3 |      14 |       1 |   6.7
        D:8 |    2316 |     705 |  23.3 |      20 |      10 |  33.3
     Lair:1 |    2403 |       0 |   0.0 |       6 |       0 |   0.0
            +---------+---------+-------+---------+---------+-------
